Map: Ley Lines

Players

ManlyManMeat - Winner!

  • Race: Zerg Zerg
  • League: Diamond
  • Spawn Location: 7:00

PHV

  • Race: Zerg Zerg
  • League: Diamond
  • Spawn Location: 1:00

VOD

Have the link to the VOD?

Description

Time

  • Played on: June 23, 2025, 7:51 a.m.
  • Length: 5:04
Show
View Real Time Build Order
Export as new Build Order

ManlyManMeat Zerg - Winner!

Build Orders: Hatch First 

Get SALT Encoding   

  12  0:00  Drone  
  13  0:09  Drone  
  14  0:15  Extractor  
  14  0:16  Drone  
  15  0:22  Overlord  
  15  0:42  Drone  
  16  0:48  Hatchery  
  15  0:52  Drone  
  15  0:55  Drone  
  17  0:59  Drone  
  18  1:14  Spawning Pool  
  17  1:21  Drone  
  17  1:24  Drone, Extractor  
  18  1:32  Drone  
  19  1:47  Drone  
  20  2:01  Zergling x4  
  20  2:03  Queen  
  20  2:05  Queen  
  26  2:10  Overlord  
  26  2:16  Drone x2  
  28  2:25  Metabolic Boost  
  28  2:29  Drone  
  29  2:38  Zergling x4  
  31  2:52  Hatchery  
  30  3:01  Zergling x4  
  30  3:02  Zergling x4  
  33  3:18  Drone x4, Baneling Nest  
  36  3:31  Overlord x2  
  36  3:53  Zergling x18  
  45  3:56  Zergling x2  
  45  4:01  Baneling x6  
  46  4:07  Drone  
  46  4:08  Zergling x2  
  48  4:12  Zergling x4  
  45  4:32  Zergling x6  
  45  4:33  Zergling x12  
  51  4:40  Zergling x2  
  51  4:41  Zergling x4  
  50  4:49  Baneling  
Show
View Real Time Build Order
Export as new Build Order

PHV Zerg 

Build Orders: Hatch First 

Get SALT Encoding   

  12  0:01  Drone  
  13  0:11  Drone  
  14  0:19  Overlord  
  14  0:26  Extractor  
  14  0:27  Drone  
  15  0:42  Drone x2  
  17  0:52  Hatchery  
  17  0:56  Drone  
  17  1:04  Drone  
  17  1:06  Drone  
  19  1:12  Extractor  
  18  1:22  Spawning Pool  
  17  1:53  Drone x3  
  20  2:04  Hatchery  
  20  2:07  Drone x2  
  21  2:21  Drone x2  
  22  2:32  Spine Crawler  
  22  2:34  Metabolic Boost  
  22  2:36  Queen  
  23  2:41  Evolution Chamber  
  22  2:45  Drone  
  22  2:46  Drone  
  22  2:51  Drone x2  
  25  2:53  Drone  
  27  3:15  Queen  
  29  3:21  Queen  
  31  3:28  Queen  
  31  3:30  Overlord  
  31  3:32  Overlord  
  33  3:34  Drone  
  34  3:46  Overlord  
  34  3:47  Overlord  
  34  3:53  Zergling x12  
  40  3:59  Zergling x6  
  40  4:00  Zergling x2  
  44  4:05  Zergling x2  
  45  4:13  Zergling x6  
  36  4:45  Zergling x2  
  36  4:46  Zergling x22  
  36  4:48  Spine Crawler  
Tags
 
Matchup
ZvZ
Race
Zerg
Replay Pack
Myownreplay2
Spawn Locations
Cross Positions
Add a new tag
Caveats
  • Supply blocks, unpowered buildings, or Contaminate may cause inaccurate times.
  • Supply counts are checked every 10 seconds.